 Dungeon Crawl Stone Soup version 0.27-a0-59-gfbafd837a3 (webtiles) character file.

Game seed: 8545604373358264682

109 Borgoz the Ducker (level 5, 0/35 HPs)
             Began as a Halfling Gladiator on Jan 8, 2021.
             Slain by a goblin
             ... wielding a +0 dagger
             ... led by Robin
              (4 damage)
             ... on level 2 of the Dungeon.
             The game lasted 00:02:08 (1665 turns).

Borgoz the Ducker (Halfling Gladiator)              Turns: 1665, Time: 00:02:09

Health: 0/35       AC:  6    Str: 15    XL:     5   Next: 13%
Magic:  5/5        EV: 15    Int:  6    God:
Gold:   89         SH:  0    Dex: 17    Spells: 4/4 levels left

rFire    . . .     SeeInvis .   a - +0 long sword
rCold    . . .     Faith    .   (shield restricted)
rNeg     . . .     Spirit   .   m - +0 ring mail
rPois    .         Reflect  .   c - +0 helmet
rElec    .         Harm     .   (no cloak)
rCorr    .         Rampage  .   (no gloves)
Will     .....                  (no boots)
Stlth    ++........             (no amulet)
HPRegen  0.11/turn              i - ring of stealth
MPRegen  0.09/turn              (no ring)

@: no status effects
A: small, mutation resistance 1
a: no special abilities


You were on level 2 of the Dungeon.
You visited 1 branch of the dungeon, and saw 2 of its levels.

You collected 89 gold pieces.

Inventory:

Hand Weapons
 a - a +0 long sword (weapon)
Missiles
 d - 3 throwing nets (quivered)
Armour
 c - a +0 helmet (worn)
 m - a +0 ring mail (worn)
Jewellery
 i - a ring of stealth (left hand)
Scrolls
 b - 3 scrolls of remove curse {unknown}
 g - 3 scrolls of identify {unknown}
Potions
 e - a potion of brilliance {unknown}
 f - 3 potions of curing {unknown}
 h - a potion of attraction {unknown}
 j - 2 potions of flight {unknown}
 k - a potion of haste {unknown}
 l - a potion of invisibility {unknown}
 n - a potion of heal wounds {unknown}


   Skills:
 * Level 2.7 Fighting
 * Level 3.8 Long Blades
 - Level 2.0 Throwing
 + Level 1.3 Armour
 + Level 3.8 Dodging
 + Level 1.5 Stealth


You had 4 spell levels left.
You didn't know any spells.
Your spell library was empty.

Dungeon Overview and Level Annotations

Branches:
Dungeon (2/15)

Altars:

Annotations:
D:2 Natasha


Innate Abilities, Weirdness & Mutations

You are small and have problems with some larger weapons.
You are somewhat resistant to further mutation.


Message History

Natasha is severely wounded.
The hobgoblin hits you but does no damage.
Natasha mumbles some strange words.
The hobgoblin closely misses you.
You hit Natasha.
Natasha is severely wounded.
Natasha misses you. The hobgoblin hits you with a +0 club.
* * * LOW HITPOINT WARNING * * *
Natasha closely misses you.
You riposte.
You barely miss Natasha.
Natasha is severely wounded.
You hit Natasha.
Natasha is almost dead.
Natasha claws you but does no damage.
You hit Natasha.
Natasha is almost dead.
The goblin no longer looks unusually strong.
The crimson imp grins evilly.
Natasha barely misses you. The hobgoblin barely misses you.
The goblin hits you with a +0 dagger.
You die...

#.#.# #....
#.#.###...##..
#........g?..#
#...##.g[.#..#
#.........#..###
######..##..(.).....
............#.#.5###
######..##....#gh#
#........#g@######.
#.###รท..##.........
##.####.####.#######
#..#....)..).###
#)##.##..).)...# #
#)(..........#.# ##
#.##.#######.#.# .##
#.##(# #####.#.# ..#
#.##.###.....#.#


You could see Natasha, a crimson imp (summoned), a hobgoblin (strong) and a
goblin.

Vanquished Creatures
  Natasha (D:2)
  Robin (D:2)
  A worm (D:2)
  A dart slug (D:1)
  A leopard gecko (D:1)
  4 giant cockroaches (D:1)
  13 goblins
  12 hobgoblins
  3 jackals (D:1)
  7 kobolds
  A quokka (D:2)
  A ball python (D:2)
  9 bats
  3 frilled lizards
  3 rats (D:1)
61 creatures vanquished.

Notes
Turn   | Place    | Note
-------+----------+-------------------------------------------
     0 | D:1      | Borgoz the Halfling Gladiator began the quest for the Orb.
     0 | D:1      | Reached XP level 1. HP: 14/14 MP: 1/1
    52 | D:1      | Reached XP level 2. HP: 19/19 MP: 2/2
   486 | D:1      | Reached XP level 3. HP: 23/24 MP: 3/3
  1240 | D:2      | Reached skill level 1 in Stealth
  1282 | D:2      | Reached XP level 4. HP: 30/30 MP: 4/4
  1371 | D:2      | Reached skill level 1 in Armour
  1437 | D:2      | Noticed Natasha
  1441 | D:2      | Killed Natasha
  1649 | D:2      | Noticed Robin
  1654 | D:2      | Noticed Natasha
  1659 | D:2      | Killed Robin
  1660 | D:2      | Reached XP level 5. HP: 12/35 MP: 5/5
  1665 | D:2      | Slain by a goblin

Illustrated notes

Levels and vault maps discovered:
D:1:      psy_arrival_heroes, layout_loops_ring, grunt_decor_arrowhead,
          chequers_arboretum, st_stairs_5, minmay_hexomino_c4
D:2:      layout_loops_ring, uniq_natasha, uniq_robin

Skill      XL: |  1  2  3  4 |
---------------+-------------+-----
Fighting       | 2 |  2.7
Stealth        | 1 |  1.5
Armour         | 1 |  1.3
Long Blades    | |  3.8
Throwing       | |  2.0
Dodging        | |  3.8

Action                   |  1- 3 |  4- 6 || total
-------------------------+-------+-------++-------
Melee: Long sword        |    93 |    58 ||   151
 Stab: Sleeping          |     7 |     2 ||     9
Armor: Leather armour    |    14 |       ||    14
       Ring mail         |     2 |    25 ||    27
Dodge: Dodged            |    73 |    57 ||   130
       Rpst.: Long sword |    19 |    16 ||    35

Table legend: (Time is in decaauts)
 A = Elapsed time spent in this place.
 B = Non-inter-level travel time spent in this place.
 C = Inter-level travel time spent in this place.
 D = Time resting spent in this place.
 E = Time spent auto-exploring this place.
 F = Levels seen in this place.
 G = Mean time per level.
                   A        B        C        D        E       F      G
               +--------+--------+--------+--------+--------+-----+--------+
         Total |   1698 |   1622 |     76 |    353 |    888 |   2 |  849.0 |
       Dungeon |   1698 |   1622 |     76 |    353 |    888 |   2 |  849.0 |
               +--------+--------+--------+--------+--------+-----+--------+

Top non-repeatable levels by time:
     D:1: 1212 daAuts
     D:2: 486 daAuts
